 Dungeon Crawl Stone Soup version 0.25-a0-251-g572059c536 (webtiles) character file.

Game seed: 747144299976579665, levelgen mode: classic

522 Borgoz the Slasher (level 7, -2/42 HPs)
             Began as a Gargoyle Gladiator on Dec 4, 2019.
             Slain by an ogre
             ... wielding a cursed +0 giant spiked club
              (19 damage)
             ... on level 4 of the Dungeon.
             The game lasted 00:04:30 (3454 turns).

Borgoz the Slasher (Gargoyle Gladiator)             Turns: 3454, Time: 00:04:31

Health: -2/42      AC: 14    Str: 19    XL:     7   Next: 22%
Magic:  7/7        EV: 12    Int:  9    God:
Gold:   172        SH:  0    Dex: 11    Spells: 6/6 levels left

rFire    . . .     SeeInvis .   a - +0 long sword
rCold    . . .     Gourm    .   (no shield)
rNeg     + . .     Faith    .   t - +0 ring mail
rPois    ∞         Spirit   .   c - +0 helmet
rElec    +         Reflect  .   (no cloak)
rCorr    .         Harm     .   v - +1 pair of gloves
MR       .....                  o - +0 pair of boots
Stlth    +.........             (no amulet)
HPRegen  0.14/turn              (no ring)
MPRegen  0.10/turn              (no ring)

@: no status effects
A: negative energy resistance 1, electricity resistance, unbreathing,
petrification resistance, rot immunity, AC +4
a: no special abilities


You were on level 4 of the Dungeon.
You were hungry.

You visited 1 branch of the dungeon, and saw 4 of its levels.

You collected 172 gold pieces.

Inventory:

Hand Weapons
 a - a +0 long sword (weapon)
Missiles
 d - 3 throwing nets (quivered)
Armour
 c - a +0 helmet (worn)
 o - a +0 pair of boots (worn)
 t - a +0 ring mail (worn)
 v - a +1 pair of gloves (worn)
Scrolls
 e - 2 scrolls of noise {unknown}
 g - a scroll of fear {unknown}
 h - a scroll of teleportation {unknown}
 i - 2 scrolls of blinking {unknown}
 j - 5 scrolls of remove curse {unknown}
 m - a scroll of enchant weapon {unknown}
 r - a scroll of fog {unknown}
Potions
 k - 4 potions of curing
 n - a potion of berserk rage
 p - 2 potions of might
 q - a potion of magic
 u - a potion of haste
Comestibles
 f - 9 rations
 s - 5 chunks of flesh


   Skills:
 + Level 3.9 Fighting
 * Level 4.7 Long Blades
 - Level 1.7 Throwing
 + Level 2.9 Armour
 * Level 4.3 Dodging


You had 6 spell levels left.
You didn't know any spells.
Your spell library contained the following spells:

 Spells                   Type           Power        Failure   Level  Hunger
 Confusing Touch          Hex            #.....       56%         1    ##.....
 Confuse                  Hex            #.......     90%         3    ####...
 Gell's Gravitas          Tloc           #.........   90%         3    ####...
 Petrify                  Tmut/Erth      #.......     100%        4    #####..
 Metabolic Englaciation   Hex/Ice        #.........   100%        5    ######.
 Yara's Violent Unravell  Hex/Tmut       #.........   100%        5    ######.


Dungeon Overview and Level Annotations

Branches:
Dungeon (4/15)
 Temple: D:4-7

Altars:
Dithmenos
Elyvilon
Fedhas
Ru
Trog
Xom
Zin
The Shining One

Annotations:
D:3 2 transporters


Innate Abilities, Weirdness & Mutations

You are resistant to torment.
Your stone body is resilient. (AC +4)
You are immune to poison.
You resist negative energy. (rN+)
You are resistant to electric shocks. (rElec)
You can survive without breathing.
You are immune to petrification.
You are immune to rotting.


Message History

The ogre hits you with a cursed +0 giant spiked club!
You barely miss the ogre.
The ogre is severely wounded.
The ogre barely misses you.
You hit the ogre but do no damage.
The ogre is severely wounded.
The ogre misses you.
You hit the ogre but do no damage.
The ogre is severely wounded.
You barely miss the ogre.
The ogre is severely wounded.
You are feeling hungry.
The ogre closely misses you.
You hit the ogre but do no damage.
The ogre is severely wounded.
The ogre hits you but does no damage.
You barely miss the ogre.
The ogre is severely wounded.
The ogre hits you with a cursed +0 giant spiked club!!
You die...

.........###....#
........##......#
....#..........# .
..#.###.##....### ..
#.#..#####..###.## ...
###....##..##....# ....
##....##..###....# .....
#.............#.##......
........#....##.@....#
[......##...##...O...#
##..........##.......#
.####..#...###........#
## #......# ...........
# #.....###......≈....
#####....##.##...≈.≈≈...
.#......##......≈≈_≈....
.......##....


You could see an ogre.

Vanquished Creatures
  An ogre (D:3)
  A scorpion (D:4)
  A hound (D:4)
  2 orc priests
  A centaur skeleton (D:4)
  An orc wizard (D:3)
  An iguana (D:3)
  2 worker ants
  6 adders
  2 oozes
  2 worms
  2 dart slugs (D:2)
  3 leopard geckos
  5 orcs
  8 bats
  2 giant cockroaches (D:2)
  10 hobgoblins
  8 jackals
  12 kobolds
  2 quokkas
  3 frilled lizards
  19 goblins
  A leopard gecko skeleton (D:4)
  6 rats
101 creatures vanquished.

Notes
Turn   | Place    | Note
-------+----------+-------------------------------------------
     0 | D:1      | Borgoz the Gargoyle Gladiator began the quest for the Orb.
     0 | D:1      | Reached XP level 1. HP: 12/12 MP: 1/1
    85 | D:1      | Reached XP level 2. HP: 18/18 MP: 2/2
   284 | D:1      | Reached skill level 1 in Armour
   284 | D:1      | Reached XP level 3. HP: 19/22 MP: 3/3
   744 | D:2      | Found a shadowy altar of Dithmenos.
   773 | D:2      | Reached XP level 4. HP: 9/27 MP: 4/4
   961 | D:2      | Found a glowing silver altar of Zin.
  1424 | D:2      | Found a shimmering altar of Xom.
  1734 | D:3      | Reached XP level 5. HP: 32/32 MP: 5/5
  1932 | D:3      | Found a transporter.
  1988 | D:3      | Found a sacrificial altar of Ru.
  2011 | D:3      | Found a transporter.
  2044 | D:3      | Noticed an ogre
  2068 | D:3      | Killed an ogre
  2068 | D:3      | Reached XP level 6. HP: 20/37 MP: 6/6
  2358 | D:3      | Found a bloodstained altar of Trog.
  2359 | D:3      | Found a glowing golden altar of the Shining One.
  3168 | D:3      | Reached XP level 7. HP: 33/42 MP: 7/7
  3249 | D:4      | Found a white marble altar of Elyvilon.
  3443 | D:4      | Found a blossoming altar of Fedhas.
  3454 | D:4      | Slain by an ogre

Levels and vault maps discovered:
D:1:      matt_arrival_refuge, layout_loops_ring
D:2:      minmay_chambers_of_twos, layout_rooms,
          nicolae_dithmenos_shadow_blocks, overflow_temple_1_default,
          lemuel_doored_altar, minmay_cut_off
D:3:      gammafunk_wand_slinger, layout_basic, lemuel_coloured_pillars_altar,
          gammafunk_temple_overflow_statue, minivault_4, minmay_ogre_servants,
          uniq_crazy_yiuf_cottage
D:4:      layout_cave_pools, fedhas_altar_2, elyvilon_altar_5,
          minmay_temple_entry_statues_pillars, first_ration,
          nrook_mini_backslash

Skill      XL: |  1  2  3  4  5  6 |
---------------+-------------------+-----
Long Blades    | 3 4 |  4.7
Armour         | 1 2 |  2.9
Dodging        | 3 4 |  4.3
Fighting       | 3 |  3.9
Throwing       | |  1.7

Action                   |  1- 3 |  4- 6 |  7- 9 || total
-------------------------+-------+-------+-------++-------
Melee: Long sword        |   100 |   169 |    53 ||   322
Throw: Throwing net      |       |     2 |       ||     2
  Use: Scroll            |       |     4 |     1 ||     5
 Stab: Sleeping          |     1 |       |       ||     1
       Held in net/web   |       |     3 |       ||     3
  Eat: Chunk             |       |     5 |       ||     5
       Ration            |       |     1 |       ||     1
Armor: Leather armour    |    44 |    77 |    21 ||   142
       Ring mail         |       |       |    14 ||    14
Dodge: Dodged            |    87 |   152 |    35 ||   274
       Rpst.: Long sword |    26 |    55 |    11 ||    92

Table legend:
 A = Non-vault XP
 B = Vault XP
 C = Vault XP percentage of total XP
 D = Non-vault monster count
 E = Vault monster count
 F = Vault count percentage of total count
                 A         B        C        D         E       F
            +---------+---------+-------+---------+---------+-------
      Total |     574 |     173 |  23.2 |      81 |      20 |  19.8
            +---------+---------+-------+---------+---------+-------
        D:1 |      54 |       0 |   0.0 |      32 |       0 |   0.0
        D:2 |      69 |      39 |  36.1 |      19 |      11 |  36.7
        D:3 |     208 |     134 |  39.2 |      20 |       9 |  31.0
        D:4 |     243 |       0 |   0.0 |      10 |       0 |   0.0
            +---------+---------+-------+---------+---------+-------
